 Dungeon Crawl Stone Soup version 0.22-a0-117-g314b907 (webtiles) character file.

3183 MatthieuS the Carver (level 9, -1/71 HPs)
             Began as a Demonspawn Berserker on Jan 29, 2018.
             Was an Elder of Trog.
             Slain by a wolf (5 damage)
             ... led by Grum
             ... on level 8 of the Dungeon.
             The game lasted 00:17:36 (7679 turns).

MatthieuS the Carver (Demonspawn Berserker)         Turns: 7679, Time: 00:17:38

Health: -1/71      AC: 15    Str: 21    XL:     9   Next: 64%
Magic:  9/9        EV:  8    Int:  9    God:    Trog [****..]
Gold:   350        SH:  0    Dex: 12    Spells: 8/8 levels left

rFire    . . .     SeeInvis .   k - +0 great sword
rCold    . . .     Gourm    .   (shield currently unavailable)
rNeg     . . .     Faith    .   A - +0 plate armour
rPois    .         Spirit   .   (no helmet)
rElec    .         Reflect  .   (no cloak)
rCorr    .         Harm     .   (no gloves)
MR       .....                  (no boots)
Stlth    ..........             (no amulet)
HPRegen  0.21/turn              (no ring)
MPRegen  0.11/turn              (no ring)

@: berserk cooldown, slowed, very slow
A: hooves 2, molten scales 2
a: Berserk, Trog's Hand, Brothers in Arms, Burn Spellbooks, Renounce Religion


You were on level 8 of the Dungeon.
You worshipped Trog.
Trog was greatly pleased with you.
You were hungry.

You visited 1 branch of the dungeon, and saw 8 of its levels.
You also visited: Sewer.

You collected 350 gold pieces.

Inventory:

Hand Weapons
 a - a +2 falchion
 k - a +0 great sword (weapon)
 s - a +0 blowgun
Missiles
 m - 116 stones (quivered)
 t - 44 poisoned needles
Armour
 A - a +0 plate armour (worn)
Wands
 b - a wand of flame (33)
 n - a wand of disintegration (10)
 p - a wand of scattershot (6)
 r - a wand of iceblast (10)
 x - a wand of acid (3)
Scrolls
 g - 7 scrolls of remove curse
 j - 3 scrolls of fog
 q - 5 scrolls of teleportation
 w - a scroll of enchant weapon {unknown}
 y - 3 scrolls of identify
Potions
 d - 2 potions of flight
 e - a potion of invisibility
 f - a potion of curing
 i - a potion of brilliance
 o - a potion of berserk rage
 v - a potion of lignification {unknown}
Books
 u - a book of Minor Magic

   Spells                             Type                      Level
   a - Magic Dart                     Conjuration                  1
   b - Blink                          Translocation                2
   c - Call Imp                       Summoning                    2
   d - Slow                           Hexes                        2
   e - Conjure Flame                  Conjuration/Fire             3
   f - Mephitic Cloud                 Conjuration/Poison/Air       3
   Trog disapproves of the use of such an item.
Comestibles
 c - 20 rations
 z - 5 chunks of flesh


   Skills:
 + Level 6.8 Fighting
 * Level 8.4 Long Blades
 + Level 5.8 Armour
 + Level 5.8 Dodging


You had 8 spell levels left.
You didn't know any spells.

Dungeon Overview and Level Annotations

Branches:
Dungeon (8/15)             Temple (0/1) D:7
   Lair: D:8-11

Altars:
Ashenzari
Fedhas
Gozag
Kikubaaqudgha
Makhleb
Nemelex Xobeh
Okawaru
Ru
Trog
Wu Jian
Yredelemnul
The Shining One


Innate Abilities, Weirdness & Mutations

You have hoof-like feet.
You are mostly covered in molten scales. (AC +3)


Message History

The wolf bites you but does no damage. The wolf bites you.
* * * LOW HITPOINT WARNING * * *
You miss the wolf.
The wolf is severely wounded.
The wolf bites you but does no damage. The wolf barely misses you.
The wolf bites you.
* * * LOW HITPOINT WARNING * * *
You feel better. The wolf closely misses you. The wolf completely misses you.
The wolf barely misses you.
You miss the wolf. Your kick misses the wolf.
The wolf is severely wounded.
The wolf bites you but does no damage. x2; The wolf bites you.
* * * LOW HITPOINT WARNING * * *
You closely miss the wolf. Your kick misses the wolf.
The wolf is severely wounded.
The wolf barely misses you. The wolf bites you but does no damage.
The wolf bites you.
* * * LOW HITPOINT WARNING * * *
The wolf bites you.
You die...

#.....# #.....#
#.....' #####
##...#.# #....
#......#### #....
.##.#.#..#.. #....
.......).#.# #....
###.####†#.### #....
#...@h.)...######....
######.#.#=##....))[.
#.#.#.##.###).[.
#.....##.#<##'##
###.####.#.##.#
#.####.#....#
#......######
########


You could see a wolf.

Vanquished Creatures
  Prince Ribbit (D:7)
  Sigmund (D:2)
  Grum (D:8)
  Menkaure (D:6)
  An orc warrior (D:8)
  Purgy (Sewer)
  An ice beast (D:7)
  4 ogres
  2 wolves (D:8)
  2 centaurs (D:6)
  The ghost of BobtheCannibal69 the Magician, an amateur DEWz (D:3)
  3 bullfrogs
  A scorpion (D:5)
  3 wights (D:7)
  3 howler monkeys
  A centaur zombie (D:6)
  2 crimson imps
  A bullfrog zombie (D:8)
  2 orc priests (D:5)
  4 orc wizards
  A centaur skeleton (D:5)
  A jelly (D:6)
  Ijyb (D:3)
  Jessica (D:2)
  Natasha (thrice) (D:2 D:4)
  A worker ant (D:6)
  A hound zombie (D:7)
  A hound skeleton (D:7)
  6 adders
  A river rat (D:3)
  A shadow imp (D:6)
  2 oozes (D:3)
  3 adder zombies (D:6)
  6 worms
  2 dart slugs
  4 leopard geckos
  14 orcs
  7 giant cockroaches
  4 goblins
  4 hobgoblins
  9 jackals
  4 quokkas
  3 ball pythons
  5 bats
  A frilled lizard (D:4)
  A jackal skeleton (D:5)
  10 kobolds
  A quokka zombie (D:5)
  12 rats
146 creatures vanquished.

Vanquished Creatures (collateral kills)
  The ghost of BobtheCannibal69 the Fighter, a novice GnWn of Dithmenos (D:7)
  A wight (D:7)
  An adder (D:7)
  A shadow imp (D:7)
4 creatures vanquished.

Grand Total: 150 creatures vanquished

Notes
Turn   | Place    | Note
-------+----------+-------------------------------------------
     0 | D:1      | MatthieuS the Demonspawn Berserker began the quest for the Orb.
     0 | D:1      | Reached XP level 1. HP: 18/18 MP: 1/1
   897 | D:2      | Gained mutation: You are partially covered in molten scales. (AC +2) [demonic ancestry]
   897 | D:2      | Reached XP level 2. HP: 22/24 MP: 2/2
   956 | D:2      | Reached skill level 3 in Long Blades
  1160 | D:2      | Gained mutation: You are mostly covered in molten scales. (AC +3) [demonic ancestry]
  1160 | D:2      | Reached XP level 3. HP: 20/29 MP: 3/3
  1286 | D:2      | Noticed Sigmund
  1304 | D:2      | Killed Sigmund
  1304 | D:2      | Reached skill level 4 in Long Blades
  1304 | D:2      | Reached XP level 4. HP: 31/37 MP: 4/4
  1304 | D:2      | Reached XP level 5. HP: 36/42 MP: 5/5
  1491 | D:2      | Noticed Jessica
  1493 | D:2      | Killed Jessica
  1729 | D:2      | Reached ** piety under Trog
  1783 | D:2      | Noticed Natasha
  1792 | D:2      | Killed Natasha
  2205 | D:3      | Noticed Ijyb
  2220 | D:3      | Killed Ijyb
  2220 | D:3      | Reached XP level 6. HP: 48/48 MP: 6/6
  2720 | D:3      | Noticed BobtheCannibal69's ghost (amateur DEWz)
  2731 | D:3      | Found a glowing drain.
  2735 | Sewer    | Entered a sewer
  2813 | Sewer    | Noticed Purgy
  2832 | Sewer    | Killed Purgy
  2832 | Sewer    | Reached *** piety under Trog
  2959 | D:3      | Gained mutation: Your spells are a little easier to cast, but a little less powerful. [potion of mutation]
  2959 | D:3      | Lost mutation: Your spells are a little easier to cast, but a little less powerful. [potion of mutation]
  2974 | D:3      | Killed BobtheCannibal69's ghost
  2974 | D:3      | Reached XP level 7. HP: 43/55 MP: 7/7
  3157 | D:3      | Reached skill level 5 in Long Blades
  3575 | D:4      | Noticed Natasha
  3592 | D:4      | Killed Natasha
  3681 | D:4      | Noticed Natasha
  3691 | D:4      | Killed Natasha
  4086 | D:4      | Found a basalt altar of Yredelemnul.
  4086 | D:4      | Found a sparkling altar of Nemelex Xobeh.
  4179 | D:5      | Entered Level 5 of the Dungeon
  4239 | D:5      | Found a sacrificial altar of Ru.
  4573 | D:5      | Reached skill level 5 in Fighting
  4822 | D:5      | Found a blossoming altar of Fedhas.
  5259 | D:6      | Noticed Menkaure
  5266 | D:6      | Killed Menkaure
  5266 | D:6      | Reached skill level 6 in Long Blades
  5266 | D:6      | Gained mutation: You have large cloven feet. [demonic ancestry]
  5266 | D:6      | Reached XP level 8. HP: 42/62 MP: 8/8
  5543 | D:6      | Found a glowing golden altar of the Shining One.
  5637 | D:6      | Reached **** piety under Trog
  6307 | D:7      | Noticed Prince Ribbit
  6313 | D:7      | Killed Prince Ribbit
  6318 | D:7      | Reached skill level 7 in Long Blades
  6504 | D:7      | Reached skill level 5 in Armour
  6504 | D:7      | Reached skill level 5 in Dodging
  6636 | D:7      | Noticed BobtheCannibal69's ghost (novice GnWn)
  6675 | D:7      | Killed BobtheCannibal69's ghost
  6675 | D:7      | Gained mutation: You have hoof-like feet. [demonic ancestry]
  6675 | D:7      | Reached XP level 9. HP: 67/69 MP: 9/9
  6845 | D:7      | Found a staircase to the Ecumenical Temple.
  6987 | D:7      | Found an ancient bone altar of Kikubaaqudgha.
  6992 | D:7      | Found an opulent altar of Gozag.
  6996 | D:7      | Found a bloodstained altar of Trog.
  6996 | D:7      | Found a burning altar of Makhleb.
  6998 | D:7      | Found a shattered altar of Ashenzari.
  6999 | D:7      | Found an iron altar of Okawaru.
  7000 | D:7      | Found an ornate altar of the Wu Jian Council.
  7461 | D:8      | Reached skill level 8 in Long Blades
  7655 | D:8      | Noticed Grum
  7661 | D:8      | Killed Grum
  7676 | D:8      | HP: 2/71 [wolf[Grum] (4)]
  7679 | D:8      | Slain by a wolf

Vault maps used:
D:1:      lightli_arrival_statue_moat, minmay_misc_feat_doors
D:2:      first_ration, minmay_rat_gold_closets, uniq_jessica, uniq_natasha,
          uniq_sigmund
D:3:      gup_sewer_entry_spiral, uniq_ijyb
D:4:      gammafunk_temple_overflow_elements
D:5:      nicolae_overflow_crystal_walls, overflow_temple_1_default
D:6:      tso_oasis_becter, uniq_menkaure
D:7:      minitemple, minmay_temple_entry_trees, uniq_prince_ribbit1
D:8:      cheibrodos_steamvent, minmay_misc_feat_hallway, uniq_grum
Sewer:    sewer_the_crocodile

Skill      XL: |  1  2  3  4  5  6  7  8  9 |
---------------+----------------------------+-----
Armour         | 2 3 4 5 |  5.8
Dodging        | 2 3 4 5 |  5.8
Long Blades    | 3 4 6 7 8 |  8.4
Fighting       | 4 5 6 |  6.8

Action                   |  1- 3 |  4- 6 |  7- 9 || total
-------------------------+-------+-------+-------++-------
Melee: Falchion          |    68 |   230 |   375 ||   673
       Kick              |       |       |    68 ||    68
       Great sword       |       |       |    22 ||    22
Invok: Berserk           |     1 |     7 |     8 ||    16
       Trog's Hand       |       |       |     1 ||     1
       Brothers in Arms  |       |       |     1 ||     1
Evoke: Wand              |       |       |     5 ||     5
  Use: Potion            |       |     9 |     3 ||    12
       Scroll            |       |       |     7 ||     7
  Eat: Chunk             |     1 |    10 |    24 ||    35
       Ration            |       |     1 |       ||     1
Armor: Chain mail        |    41 |   168 |   197 ||   406
       Animal skin       |     2 |       |       ||     2
       Plate armour      |       |       |    18 ||    18
Dodge: Dodged            |    28 |   128 |   187 ||   343
       Rpst.: Falchion   |     8 |    37 |    57 ||   102
       Great sword       |       |       |     4 ||     4

Table legend:
 A = Spawn XP
 B = Non-spawn XP
 C = Spawn XP percentage of total XP
 D = Spawn monster count
 E = Non-spawn monster count
 F = Spawn count percentage of total count
 G = Total turns spent on level
                    A         B        C        D         E        F      G
               +---------+---------+-------+---------+---------+-------+---------
         Total |       0 |    4548 |   0.0 |       0 |     150 |   0.0 |  7679
               +---------+---------+-------+---------+---------+-------+---------
           D:1 |       0 |       8 |   0.0 |       0 |       6 |   0.0 |   865
           D:2 |       0 |     363 |   0.0 |       0 |      24 |   0.0 |  1340
           D:3 |       0 |     234 |   0.0 |       0 |      39 |   0.0 |  1025
           D:4 |       0 |     282 |   0.0 |       0 |      16 |   0.0 |   780
           D:5 |       0 |     341 |   0.0 |       0 |      14 |   0.0 |  1076
           D:6 |       0 |     704 |   0.0 |       0 |      15 |   0.0 |  1012
           D:7 |       0 |    1530 |   0.0 |       0 |      19 |   0.0 |  1114
           D:8 |       0 |     950 |   0.0 |       0 |      11 |   0.0 |   298
         Sewer |       0 |     136 |   0.0 |       0 |       6 |   0.0 |   169
               +---------+---------+-------+---------+---------+-------+---------
